 Dungeon Crawl Stone Soup version 0.31-a0-177-g4aa6249778 (webtiles) character file.

Game seed: 13740423455832843249

105 qw the Shooter (level 4, 0/42 HPs)
             Began as a Naga Hunter on June 18, 2023.
             Slain by a quokka (2 damage)
             ... on level 3 of the Dungeon.
             The game lasted 00:00:36 (1510 turns).

qw the Shooter (Naga Hunter)                        Turns: 1510, Time: 00:00:36

Health: 0/42       AC:  2    Str: 13    XL:     4   Next: 83%
Magic:  4/4        EV:  9    Int:  9    God:
Gold:   163        SH:  0    Dex: 17    Spells: 3/3 levels left

rFire   . . .        f - +0 shortbow (heavy)
rCold   . . .        (shield currently unavailable)
rNeg    . . .        c - +0 leather armour
rPois   +            (no helmet)
rElec   .            (no cloak)
rCorr   .            (no gloves)
SInv    +            (no barding)
Will    .....        (no amulet)
Stlth   ++           (no ring)
HPRegen 0.27/turn    (no ring)
MPRegen 0.09/turn

%: no passive effects
@: very slow
A: AC +1, large, see invisible, deformed body, poison resistance, slowness 2,
spit poison 1, naga tail 1
a: Spit Poison


You were on level 3 of the Dungeon.
You visited 1 branch of the dungeon, and saw 3 of its levels.

You collected 163 gold pieces.


Innate Abilities, Weirdness & Mutations

Your serpentine skin is tough. (AC +1)
You have supernaturally acute eyesight. (SInv)
Armour fits poorly on your strangely shaped body.
Your system is resistant to poisons. (rPois)
You cover ground very slowly.
You can spit poison.
You have a snake-like lower body.


   Skills:
 - Level 3.1 Fighting
 + Level 5.0 Ranged Weapons
 - Level 1.5 Dodging
 - Level 1.5 Stealth


You had 3 spell levels left.
You didn't know any spells.
Your spell library was empty.

Inventory:

Hand Weapons
 f - a +0 heavy shortbow (weapon)
Armour
 c - a +0 leather armour (worn)
Scrolls
 d - a scroll of teleportation
 g - a scroll of identify
Potions
 b - a potion of curing
 e - a potion of mutation {unknown}
 h - a potion of might
 i - a potion of attraction {unknown}
 j - a potion of heal wounds
 k - a potion of degeneration {unknown}

Dungeon Overview and Level Annotations

Branches:
Dungeon (3/15)

Altars:


Message History

Aiming: Spit Poison (1% risk of failure)
Press: ? - help, Shift-Dir - straight line, f - Robin The splash of poison hits Robin!
Robin is almost dead.
You shoot an arrow.
The arrow hits Robin but does no damage.
Robin is almost dead.
A hobgoblin comes into view.
Robin throws the goblin at you! The goblin misses you.
The goblin hits you with a +0 club. The goblin closely misses you.
Robin hits you with a +0 club.
You shoot an arrow. The arrow hits Robin!
You kill Robin!
You have got your breath back.
The goblin barely misses you. The goblin completely misses you.
Your Fighting skill increases to level 3!
1508 ||| INVOKING Spit Poison.
Aiming: Spit Poison (1% risk of failure)
Press: ? - help, Shift-Dir - straight line, f - goblin The splash of poison misses the goblin.
The goblin hits you but does no damage. The goblin closely misses you.
The goblin hits you with a +0 dagger.
The goblin unwields a +0 sling.
The goblin wields a +0 club.
The goblin hits you with a +0 club.
You shoot an arrow. The arrow hits the goblin!
You kill the goblin!
The goblin no longer looks unusually strong. x2
The goblin closely misses you. The goblin hits you with a +0 dagger.
The goblin hits you with a +0 club.
The quokka bites you but does no damage.
The goblin hits you with a +0 dagger. The goblin closely misses you.
The goblin hits you with a +0 club.
You shoot an arrow. The arrow hits the quokka.
The quokka is lightly wounded.
You have got your breath back.
The quokka barely misses you. The goblin hits you with a +0 club.
The goblin barely misses you. The quokka bites you.
The goblin hits you with a +0 club. The hobgoblin hits you.
The goblin barely misses you. The goblin closely misses you.
The goblin hits you with a +0 dagger. The quokka bites you.
You die...

......#.. .# .#........
##.##
.......#.######...#####
.#.......#............#
.#.......#.####...###.#
......<....##.>........
.........#.##.##.####..
.........#.##.##.g.##..#
#..#...#.#.##..g@r....$.
#.##....#.##..ggg)....#
##.#.####.##..........#
#...<..##.##.........##
#.....#.# .........#)..#
.####.#.# ###.##....)#.#
... . ...##.#..# . #.#
## ##.# ...... #.# .#
....).


You could see a quokka, a hobgoblin (strong) and 4 goblins.

Vanquished Creatures
  Natasha (D:3)
  Robin (D:3)
  A worm (D:2)
  2 dart slugs
  An orc (D:2)
  A ball python (D:1)
  4 endoplasms
  3 giant cockroaches (D:1)
  10 goblins
  5 hobgoblins
  9 quokkas
  4 bats
  2 frilled lizards
  6 kobolds
  6 rats
56 creatures vanquished.

Notes
Turn   | Place    | Note
-------+----------+-------------------------------------------
     0 | D:1      | qw the Naga Hunter began the quest for the Orb.
     0 | D:1      | Reached XP level 1. HP: 19/19 MP: 1/1
     0 | D:1      | 0 ||| qw: Version: 0.3-a-7-ge0c9b40
     0 | D:1      | 0 ||| qw: Game counter: 754
     0 | D:1      | 0 ||| qw: Always use a shield: true
     0 | D:1      | 0 ||| qw: God list: Okawaru
     0 | D:1      | 0 ||| qw: Allow faded altars: false
     0 | D:1      | 0 ||| qw: Do Orc after D:15 true
     0 | D:1      | 0 ||| qw: Do second Lair branch before Depths: true
     0 | D:1      | 0 ||| qw: Lair rune preference: random
     0 | D:1      | 0 ||| qw: Plans: Normal
     0 | D:1      | 0 ||| PLANNING D:1-11
    58 | D:1      | 58 ||| INVOKING Spit Poison.
    77 | D:1      | 77 ||| INVOKING Spit Poison.
    83 | D:1      | 83 ||| INVOKING Spit Poison.
    88 | D:1      | Reached skill level 4 in Ranged Weapons
    88 | D:1      | Reached XP level 2. HP: 26/26 MP: 2/2
   103 | D:1      | 103 ||| INVOKING Spit Poison.
   125 | D:1      | 125 ||| INVOKING Spit Poison.
   130 | D:1      | 130 ||| INVOKING Spit Poison.
   138 | D:1      | 138 ||| INVOKING Spit Poison.
   158 | D:1      | 158 ||| INVOKING Spit Poison.
   207 | D:1      | 207 ||| INVOKING Spit Poison.
   227 | D:1      | 227 ||| INVOKING Spit Poison.
   237 | D:1      | 237 ||| INVOKING Spit Poison.
   240 | D:1      | 240 ||| INVOKING Spit Poison.
   246 | D:1      | 246 ||| INVOKING Spit Poison.
   262 | D:1      | 262 ||| INVOKING Spit Poison.
   263 | D:1      | Reached XP level 3. HP: 32/32 MP: 3/3
   398 | D:1      | 398 ||| INVOKING Spit Poison.
   402 | D:1      | 402 ||| INVOKING Spit Poison.
   440 | D:1      | 440 ||| INVOKING Spit Poison.
   500 | D:1      | 500 ||| INVOKING Spit Poison.
   570 | D:1      | 570 ||| INVOKING Spit Poison.
   594 | D:1      | 594 ||| INVOKING Spit Poison.
   599 | D:1      | 599 ||| INVOKING Spit Poison.
   739 | D:1      | 739 ||| READING scroll labelled WORCHI SUTTIBOXT.
   740 | D:1      | 740 ||| READING 2 scrolls labelled MEUGENTASOC.
   741 | D:1      | 741 ||| READING scroll labelled SAISTA WAUZYUKHA.
   742 | D:1      | 742 ||| READING scroll labelled CENO FI RESYD.
   743 | D:1      | 743 ||| DRINKING 2 viscous orange potions.
   744 | D:1      | 744 ||| DROPPING scroll of butterflies.
   794 | D:2      | 794 ||| INVOKING Spit Poison.
   797 | D:2      | 797 ||| INVOKING Spit Poison.
   800 | D:2      | 800 ||| INVOKING Spit Poison.
   833 | D:2      | 833 ||| INVOKING Spit Poison.
   952 | D:2      | 952 ||| INVOKING Spit Poison.
  1138 | D:2      | 1138 ||| INVOKING Spit Poison.
  1154 | D:2      | 1154 ||| INVOKING Spit Poison.
  1164 | D:2      | 1164 ||| INVOKING Spit Poison.
  1361 | D:2      | 1361 ||| INVOKING Spit Poison.
  1373 | D:2      | 1373 ||| INVOKING Spit Poison.
  1395 | D:2      | 1395 ||| INVOKING Spit Poison.
  1396 | D:2      | Reached skill level 5 in Ranged Weapons
  1396 | D:2      | Reached XP level 4. HP: 39/39 MP: 4/4
  1400 | D:2      | 1400 ||| INVOKING Spit Poison.
  1443 | D:2      | 1443 ||| READING 2 scrolls labelled CIPIET UK NIE.
  1446 | D:2      | 1446 ||| READING scroll labelled UPSOUH POMPU.
  1447 | D:2      | 1447 ||| DRINKING 2 sapphire potions.
  1448 | D:2      | 1448 ||| DRINKING 2 blue potions.
  1491 | D:3      | Noticed Natasha
  1494 | D:3      | 1494 ||| INVOKING Spit Poison.
  1496 | D:3      | Killed Natasha
  1499 | D:3      | Noticed Robin
  1501 | D:3      | 1501 ||| INVOKING Spit Poison.
  1505 | D:3      | 1505 ||| INVOKING Spit Poison.
  1507 | D:3      | Killed Robin
  1508 | D:3      | Reached skill level 3 in Fighting
  1508 | D:3      | 1508 ||| INVOKING Spit Poison.
  1510 | D:3      | HP: 8/42 [quokka (4)]
  1510 | D:3      | HP: 3/42 [hobgoblin[Robin] (3)]
  1510 | D:3      | Slain by a quokka

Levels and vault maps discovered:
D:1:      roderic_chinese_lattice_arrival, layout_basic, serial_bayou_pond_c,
          minmay_misc_feat_x
D:2:      layout_basic
D:3:      layout_loops_ring, mainiacjoe_overflow_cross_hatched,
          hangedman_abyss_or_decor_stabs, uniq_natasha, uniq_robin, uniq_terence

Skill      XL: |  1  2  3  4 |
---------------+-------------+-----
Ranged Weapons | 4 5 |  5.0
Fighting       | 3 |  3.1
Dodging        | |  1.5
Stealth        | |  1.5

Action                     |  1- 3 |  4- 6 || total
---------------------------+-------+-------++-------
   Fire: Shortbow          |    62 |    17 ||    79
Ability: Spit Poison       |    32 |     5 ||    37
    Use: Scroll            |     4 |     2 ||     6
         Potion            |     1 |     2 ||     3
 Armour: Leather armour    |     2 |     2 ||     4
  Dodge: Dodged            |    13 |    13 ||    26

Table legend:
 A = Non-vault XP
 B = Vault XP
 C = Vault XP percentage of total XP
 D = Non-vault monster count
 E = Vault monster count
 F = Vault count percentage of total count
                 A         B        C        D         E       F
            +---------+---------+-------+---------+---------+-------
      Total |      91 |      60 |  39.7 |      49 |       7 |  12.5
            +---------+---------+-------+---------+---------+-------
        D:1 |      49 |       0 |   0.0 |      28 |       0 |   0.0
        D:2 |      38 |       0 |   0.0 |      19 |       0 |   0.0
        D:3 |       4 |      60 |  93.8 |       2 |       7 |  77.8
            +---------+---------+-------+---------+---------+-------
